Match 42310836
Unlisted

Match 42310836
End
Royal Engineer Section
Construct Section Command Post
Dingo Light Scout Car
Infantry Section
Infantry Section
Selects Heavy Armor Battlegroup
Selects Rigorous Vehicle Training
Construct Field Infirmary
Construct Platoon Command Post
Humber Armored Car
Grenade Package
Construct Company Command Post
Selects Forward Repair Assembly
Selects UNKNOWN (2162094)
ML 3-inch Mortar Team
Foot Guards Section
Churchill IV Heavy Tank
incel_incinerat0r
crywo1f
pagep
Tiger Mafia
0
0

Comments sign in to comment!

No comments posted yet!